AoeStats
← Negev King

Arabia

508472974Analyzed
1v1 RM · 10d ago on Sep 22, 2026· 64m 33s· 2 players
Game mode
Random Map
Map size
Tiny (2 player)
Population
200
Speed
Normal
Resources
Standard
Victory
Conquest
Starting age
Dark Age
Ending age
Imperial Age
RankedLock teamsTeams togetherTeam positionsShared explorationLock speedFull tech treeHidden civsTurbo modeCheats
Victory
Defeat
🇦🇺 Bengalis · Australia
1069
+16
🇨🇱 Japanese · Chile
1076
-16
Negev King
9:49 Feudal Age
10:18 Loom
10:16 Man-at-Arms
11:05 Double-Bit Axe
13:33 Town Watch
16:42 Horse Collar
20:57 Castle Age
19:51 Fletching
20:06 Gold Mining
21:52 Bodkin Arrow
24:54 Wheelbarrow
24:17 Light Cavalry
28:14 Bloodlines
28:16 Scale Barding Armor
28:13 Padded Archer Armor
28:24 Forging
30:27 Husbandry
33:01 Chain Barding Armor
32:58 Bow Saw
34:02 Ballistics
37:10 Imperial Age
36:15 Leather Archer Armor
38:20 Hand Cart
39:45 Bracer
48:14 Gold Shaft Mining
51:25 Conscription
51:30 Heavy Plow
55:14 Elite Battle Elephant
56:59 Paiks
ccrespillo
5:27 Loom
9:03 Feudal Age
9:29 Double-Bit Axe
9:10 Man-at-Arms
20:12 Castle Age
18:18 Horse Collar
19:17 Stone Mining
21:14 Bow Saw
23:54 Fletching
24:05 Padded Archer Armor
24:09 Gold Mining
25:36 Gold Shaft Mining
24:41 Elite Skirmisher
33:03 Wheelbarrow
32:15 Town Watch
34:27 Scale Mail Armor
34:38 Forging
47:26 Chain Mail Armor
64:47 Imperial Age
Connection lost

Rejoining the realm…

Still unreachable

The connection could not be restored.

Session expired

The server has moved on; the page needs a fresh start.